AoeStats
← Sayan_San

Arabia

509241002Analyzed
1v1 RM · 4d ago on Sep 26, 2026· 38m 46s· 2 players
Game mode
Random Map
Map size
Tiny (2 player)
Population
200
Speed
Normal
Resources
Standard
Victory
Conquest
Starting age
Dark Age
Ending age
Imperial Age
RankedLock teamsTeams togetherTeam positionsShared explorationLock speedFull tech treeHidden civsTurbo modeCheats
Victory
Defeat
🇺🇸 Varangians · United States
1016
+15
🇦🇷 Khitans · Argentina
999
-15
soyemasoto
2:17 Loom
10:42 Feudal Age
14:40 Double-Bit Axe
15:02 Town Watch
16:00 Wheelbarrow
21:20 Castle Age
22:49 Hand Cart
23:26 Forging
23:23 Scale Barding Armor
26:52 Chain Barding Armor
31:37 Sanctity
35:33 Imperial Age
Sayan_San
6:59 Loom
9:53 Feudal Age
10:45 Double-Bit Axe
10:45 Horse Collar
15:24 Bloodlines
17:49 Gold Mining
21:57 Castle Age
20:23 Scale Barding Armor
22:30 Stone Mining
22:59 Forging
24:06 Wheelbarrow
23:17 Town Watch
23:44 Bow Saw
24:11 Stone Shaft Mining
23:40 Heavy Plow
23:58 Husbandry
28:16 Hand Cart
28:42 Fervor
30:03 Town Patrol
31:49 Fletching
32:22 Masonry
35:08 Chain Barding Armor
35:56 Vendel Legacy
38:37 Iron Casting
37:57 Bodkin Arrow
Connection lost

Rejoining the realm…

Still unreachable

The connection could not be restored.

Session expired

The server has moved on; the page needs a fresh start.